 Dungeon Crawl Stone Soup version 0.27-a0-1555-g0e7b3fb1d2 (webtiles) character file.

Game seed: 15283559208340105229

118 Spaninq the Chopper (level 5, -2/47 HPs)
             Began as a Hill Orc Monk on July 14, 2021.
             Slain by a gnoll (13 damage)
             ... on level 3 of the Dungeon.
             The game lasted 00:06:10 (2354 turns).

Spaninq the Chopper (Hill Orc Monk)                 Turns: 2354, Time: 00:06:11

Health: -2/47      AC:  9    Str: 15    XL:     5   Next: 2%
Magic:  5/5        EV:  7    Int: 10    God:
Gold:   102        SH:  0    Dex: 13    Spells: 4/4 levels left

rFire    . . .     SeeInvis .   a - +0 hand axe
rCold    . . .     Faith    .   (no shield)
rNeg     . . .     Spirit   .   j - +0 chain mail
rPois    .         Reflect  .   (no helmet)
rElec    .         Harm     .   k - +0 cloak
rCorr    +         Rampage  .   (no gloves)
Will     .....                  (no boots)
Stlth    ..........             (no amulet)
HPRegen  0.15/turn              p - ring of resist corrosion
MPRegen  0.09/turn              (no ring)

@: no status effects
A: no striking features
a: no special abilities


You were on level 3 of the Dungeon.
You visited 1 branch of the dungeon, and saw 3 of its levels.

You collected 102 gold pieces.

Inventory:

Hand Weapons
 a - a +0 hand axe (weapon)
Armour
 j - a +0 chain mail (worn)
 k - a +0 cloak (worn)
Jewellery
 p - a ring of resist corrosion (left hand)
Scrolls
 b - a scroll of identify {unknown}
 c - 2 scrolls of enchant weapon {unknown}
 d - a scroll of brand weapon {unknown}
 e - a scroll of immolation {unknown}
 g - 2 scrolls of magic mapping {unknown}
 l - 2 scrolls of fog {unknown}
 n - a scroll of holy word {unknown}
 o - a scroll of vulnerability {unknown}
 q - a scroll of teleportation {unknown}
Potions
 f - a potion of degeneration {unknown}
 h - 3 potions of curing {unknown}
 i - a potion of heal wounds {unknown}
 m - a potion of attraction {unknown}
 r - a potion of resistance {unknown}


   Skills:
 + Level 4.6 Fighting
 * Level 6.1 Axes
 + Level 1.5 Armour
 - Level 2.4 Dodging
 - Level 1.6 Stealth


You had 4 spell levels left.
You didn't know any spells.
Your spell library contained the following spells:

 Spells                   Type           Power      Damage    Failure   Level
 Tukima's Dance           Hex            0%         N/A       100%        3
 Passage of Golubria      Tloc           N/A        N/A       100%        4
 Petrify                  Tmut/Erth      0%         N/A       100%        4
 Metabolic Englaciation   Hex/Ice        0%         N/A       100%        5
 Yara's Violent Unravell  Hex/Tmut       0%         3d3       100%        5
 Statue Form              Tmut/Erth      0%         N/A       100%        6


Dungeon Overview and Level Annotations

Branches:
Dungeon (3/15)

Altars:
Dithmenos
Fedhas

Shops:
D:2 [


Message History

The hound is almost dead.
The hound bites you. The hound barely misses you.
You closely miss the hound.
The hound is almost dead.
The hound bites you but does no damage.
You barely miss the hound.
The hound is almost dead.
The hound bites you. The hound barely misses you.
You hit the hound.
You kill the hound!
The hound bites you but does no damage.
Your Axes skill increases to level 6!
You have reached level 5!
You feel stronger.
You closely miss the hound. The hound bites you but does no damage.
The gnoll closely misses you.
You hit the hound.
The hound is lightly wounded.
The hound completely misses you.
The gnoll hits you from afar with a +0 halberd.
The hound bites you.
You hit the hound.
The hound is lightly wounded.
The hound bites you.
The gnoll hits you from afar with a +0 halberd.
The hound bites you but does no damage. The hound bites you.
The gnoll hits you from afar with a +0 halberd.
* * * LOW HITPOINT WARNING * * *
The hound bites you but does no damage. The hound misses you.
You barely miss the hound.
The hound is lightly wounded.
The hound barely misses you. The hound barely misses you. The hound bites you.
* * * LOW HITPOINT WARNING * * *
The hound closely misses you.
The gnoll hits you from afar with a +0 halberd!
You die...

....##......#####.#......##
....................####.#
.#..##.#.#........### #.#
.....#............# #.# #####
..................# #.# #...#
.....###...#......# #.###.###
.....# #...###..#.# #.##..#
.....###..........######....###
................@hg...........###
.......#..######..######.####...#
...........#.. #...†..g.........#
.........###...#P.######.########
......#....#...'....# #.#
......##.#.#+#+#P...####.#
......##.#.# #.........#
.........#.#####.....#####
....##................#


You could see a hound and a gnoll.

Vanquished Creatures
  A hound (D:3)
  An orc wizard (D:2)
  A worm (D:2)
  3 dart slugs
  3 orcs (D:2)
  10 ball pythons
  3 endoplasms
  3 giant cockroaches
  5 goblins
  2 hobgoblins
  5 jackals
  A quokka (D:3)
  3 bats
  3 frilled lizards
  2 kobolds
  2 rats
48 creatures vanquished.

Notes
Turn   | Place    | Note
-------+----------+-------------------------------------------
     0 | D:1      | Spaninq the Hill Orc Monk began the quest for the Orb.
     0 | D:1      | Reached XP level 1. HP: 19/19 MP: 1/1
     0 | D:1      | Found a shadowy altar of Dithmenos.
   366 | D:1      | Reached XP level 2. HP: 27/27 MP: 2/2
  1105 | D:2      | Reached skill level 5 in Axes
  1109 | D:2      | Reached XP level 3. HP: 26/33 MP: 3/3
  1190 | D:2      | Found Ephiluss's Armour Shop.
  1347 | D:2      | Reached XP level 4. HP: 12/41 MP: 4/4
  1613 | D:2      | Found a blossoming altar of Fedhas.
  1623 | D:2      | Reached skill level 1 in Armour
  1662 | D:2      | Found a faded altar of an unknown god.
  1847 | D:2      | You fall into a shaft and drop 1 floor!
  2339 | D:3      | Reached skill level 6 in Axes
  2339 | D:3      | Reached XP level 5. HP: 28/47 MP: 5/5
  2354 | D:3      | Slain by a gnoll

Illustrated notes

Levels and vault maps discovered:
D:1:      sevenhm_arrival_forest_fort_small_6, layout_basic
D:2:      layout_rooms, serial_shops, shop, basic_altar,
          ebering_ecumenical_altar_box
D:3:      layout_rooms, minmay_misc_feat_plants, cheibrodos_gnoll_hut

Skill      XL: |  1  2  3  4 |
---------------+-------------+-----
Fighting       | 4 |  4.6
Axes           | 5 6 |  6.1
Armour         | 1 |  1.5
Dodging        | |  2.4
Stealth        | |  1.6

Action                   |  1- 3 |  4- 6 || total
-------------------------+-------+-------++-------
Melee: Hand axe          |    87 |   113 ||   200
 Stab: Sleeping          |     2 |       ||     2
Armor: Robe              |    12 |       ||    12
       Chain mail        |    22 |    80 ||   102
Dodge: Dodged            |    47 |    44 ||    91

Table legend: (Time is in decaauts)
 A = Elapsed time spent in this place.
 B = Non-inter-level travel time spent in this place.
 C = Inter-level travel time spent in this place.
 D = Time resting spent in this place.
 E = Time spent auto-exploring this place.
 F = Levels seen in this place.
 G = Mean time per level.
                   A        B        C        D        E       F      G
               +--------+--------+--------+--------+--------+-----+--------+
         Total |   2361 |   2311 |     50 |    551 |   1221 |   3 |  787.0 |
       Dungeon |   2361 |   2311 |     50 |    551 |   1221 |   3 |  787.0 |
               +--------+--------+--------+--------+--------+-----+--------+

Top non-repeatable levels by time:
     D:1: 1046 daAuts
     D:2: 808 daAuts
     D:3: 507 daAuts
